 Dungeon Crawl Stone Soup version 0.20.1-1-g8b1a95d (webtiles) character file.

89 TheGuigne the Ogre Mage (level 4, 0/39 HPs)
             Began as an Ogre Wizard on Aug 21, 2017.
             Slain by a hobgoblin
             ... wielding a +0 club
              (2 damage)
             ... on level 1 of the Dungeon.
             The game lasted 00:06:22 (1623 turns).

TheGuigne the Ogre Mage (Ogre Wizard)               Turns: 1623, Time: 00:06:23

Health: 0/39       AC:  3    Str: 11    XL:     4   Next: 55%
Magic:  3/10       EV:  9    Int: 18    God:
Gold:   114        SH:  0    Dex:  5    Spells: 6/11 levels left

rFire    + . .     SeeInvis .   l - +0 mace
rCold    . . .     Gourm    .   (no shield)
rNeg     . . .     Faith    .   a - +0 robe
rPois    .         Spirit   .   b - +0 hat
rElec    .         Reflect  .   (no cloak)
rCorr    .         Harm     .   (gloves unavailable)
MR       .....                  (boots unavailable)
Stlth    +.........             (no amulet)
Regen    0.2/turn               g - +3 ring of slaying
MPRegen  0.2/turn               (no ring)

@: no status effects
A: unfitting armour, clumsy 1, dopey 1, fire resistance 1, sense surroundings 1,
tough skin 1
a: no special abilities


You were on level 1 of the Dungeon.
You were not hungry.

You visited 1 branch of the dungeon, and saw 2 of its levels.

You collected 114 gold pieces.

Inventory:

Hand Weapons
 l - a +0 mace (weapon)
Armour
 a - a +0 robe (worn)
 b - a +0 hat (worn)
Jewellery
 g - a +3 ring of slaying (left hand)
Scrolls
 h - 3 scrolls of identify {unknown}
 i - a scroll of remove curse {unknown}
 k - a scroll of fear {unknown}
 n - 2 scrolls of amnesia {unknown}
Potions
 e - a potion of agility
 m - a potion of mutation
Books
 c - a book of Minor Magic

   Spells                             Type                      Level
   a - Magic Dart                     Conjuration                  1
   b - Blink                          Translocation                2
   c - Call Imp                       Summoning                    2
   d - Slow                           Hexes                        2
   e - Conjure Flame                  Conjuration/Fire             3
   f - Mephitic Cloud                 Conjuration/Poison/Air       3
Comestibles
 d - 4 bread rations
 f - 6 fruits
 j - 3 chunks of flesh
 o - 2 meat rations


   Skills:
 - Level 0.1 Maces & Flails
 - Level 1.7 Dodging
 - Level 1.4 Stealth
 + Level 4.0 Spellcasting
 * Level 3.5 Conjurations
 + Level 0.8 Summonings
 + Level 0.8 Translocations


You had 6 spell levels left.
You knew the following spells:

 Your Spells              Type           Power        Failure   Level  Hunger
a - Magic Dart            Conj           ###.         3%          1    None
b - Blink                 Tloc           N/A          16%         2    ##.....
c - Call Imp              Summ           #.......     16%         2    ##.....


Dungeon Overview and Level Annotations

Branches:
Dungeon (2/15)

Altars:
Ashenzari
Yredelemnul


Innate Abilities, Weirdness & Mutations

You are too large for most types of armour.
You have tough skin. (AC +1)
You are clumsy. (Dex -2)
You are dopey. (Int -2)
Your flesh is heat resistant. (rF+)
You passively map a small area around you.


Message History

You feel sick. The goblin barely misses you.
You see here a club.
You feel sick.
There is an escape hatch in the ceiling here.
A mysterious force pulls you upwards. The hatch slams shut behind you.
The hobgoblin shouts!
It was a potion of resistance.
You feel protected. The goblin hits you with a dagger.
* * * LOW HITPOINT WARNING * * *
It was a potion of cancellation.
Your magical effects are unravelling.
You feel magically purged.
You feel a little less agile now.
Your resistance to elements expires.
You feel sick.
You are no longer poisoned.
The goblin misses you.
You barely miss the goblin. The hobgoblin hits you with a club.
You die...

......#..........)..#
#.....#.............#
..######....#......##
............#......#########
.......)....#......#.......#
............#......#.......#
............#......'.......#
............#...gg.#.......#
............##'#@..#.......#
....#'##(...##.##..#########
###.#.##....##.##..#########
....#.##....##.##..#.......#
#####.##......)....#.#####.#
......###.########.#.# #.#
#####.###.###.....>#.#####.#
...............###.#.....#.#
######.............#.##....#


You could see a hobgoblin and a goblin.

Vanquished Creatures
  Robin (D:2)
  2 adders (D:2)
  2 worms (D:2)
  A dart slug (D:1)
  A leopard gecko (D:2)
  3 giant cockroaches
  14 goblins
  5 hobgoblins
  7 kobolds
  A ball python (D:2)
  6 bats
  3 frilled lizards
  6 rats
52 creatures vanquished.

Notes
Turn   | Place    | Note
-------+----------+-------------------------------------------
     0 | D:1      | TheGuigne the Ogre Wizard began the quest for the Orb.
     0 | D:1      | Reached XP level 1. HP: 16/16 MP: 5/5
     6 | D:1      | Reached skill level 1 in Conjurations
   104 | D:1      | Reached XP level 2. HP: 21/24 MP: 0/6
   679 | D:1      | Reached XP level 3. HP: 31/31 MP: 1/8
   952 | D:2      | Found a basalt altar of Yredelemnul.
   954 | D:2      | Found a shattered altar of Ashenzari.
  1108 | D:2      | Learned a level 2 spell: Blink
  1111 | D:2      | Learned a level 2 spell: Call Imp
  1441 | D:2      | Reached XP level 4. HP: 39/39 MP: 3/9
  1583 | D:2      | Noticed Robin
  1600 | D:2      | Killed Robin
  1605 | D:2      | Reached skill level 4 in Spellcasting
  1610 | D:2      | Gained mutation: You are dopey. (Int -2) [potion of mutation]
  1610 | D:2      | Gained mutation: You are clumsy. (Dex -2) [potion of mutation]
  1610 | D:2      | Gained mutation: Your flesh is heat resistant. (rF+) [potion of mutation]
  1610 | D:2      | Gained mutation: You passively map a small area around you. [potion of mutation]
  1623 | D:1      | Slain by a hobgoblin

Skill      XL: |  1  2  3  4 |
---------------+-------------+-----
Conjurations   | 1 2 3 |  3.5
Spellcasting   | 4 |  4.0
Maces & Flails | |  0.1
Dodging        | |  1.7
Stealth        | |  1.4
Summonings     | |  0.8
Translocations | |  0.8

Action                   |  1- 3 |  4- 6 || total
-------------------------+-------+-------++-------
Melee: Dagger            |    14 |       ||    14
       Mace              |     7 |    16 ||    23
 Cast: Magic Dart        |    80 |    20 ||   100
  Use: Potion            |       |     4 ||     4
  Eat: Chunk             |     1 |     1 ||     2
Armor: Robe              |    10 |    15 ||    25
Dodge: Dodged            |     8 |    24 ||    32
